 Dungeon Crawl Stone Soup version 0.21-a0-157-gb89e0e2 (webtiles) character file.

725 Goblin1989 the Skirmisher (level 7, -1/56 HPs)
             Began as a Demonspawn Assassin on Aug 4, 2017.
             Slain by Azzok's ghost (4 damage)
             ... in an ossuary.
             The game lasted 00:14:12 (4909 turns).

Goblin1989 the Skirmisher (Demonspawn Assassin)     Turns: 4909, Time: 00:14:13

Health: -1/56      AC: 13    Str: 14    XL:     7   Next: 43%
Magic:  7/7        EV: 12    Int: 19    God:
Gold:   172        SH:  0    Dex: 19    Spells: 6/6 levels left

rFire    + . .     SeeInvis .   Z - +2 hand axe (vamp)
rCold    . . .     Gourm    .   (no shield)
rNeg     . . .     Faith    .   P - +0 chain mail
rPois    .         Spirit   .   (helmet restricted)
rElec    .         Reflect  .   d - +0 cloak
rCorr    +         Harm     .   F - +0 pair of gloves
MR       .....                  (no boots)
Stlth    +.........             (no amulet)
HPRegen  0.18/turn              f - ring of protection from fire
MPRegen  0.10/turn              g - ring of resist corrosion

@: brilliant, agile
A: antennae 2, slimy green scales 1, clever 1, powered by death 2, evolution 1
a: no special abilities


You were in an ossuary.
You were not hungry.

You visited 1 branch of the dungeon, and saw 4 of its levels.
You also visited: Ossuary.

You collected 172 gold pieces.

Inventory:

Hand Weapons
 a - a +2 dagger of flaming
 w - a +0 blowgun {@w1}
 Z - a +2 vampiric hand axe (weapon)
Missiles
 B - 112 stones (quivered)
 D - 30 arrows
 K - 2 curare-tipped needles
 M - 25 bolts
 S - 8 poisoned needles
Armour
 c - a +0 robe
 d - a +0 cloak (worn)
 F - a +0 pair of gloves (worn)
 P - a +0 chain mail (worn)
 Q - a +0 helmet
Jewellery
 f - a ring of protection from fire (left hand)
 g - a ring of resist corrosion (right hand)
Scrolls
 E - a scroll of random uselessness {unknown}
 G - 2 scrolls of noise {unknown}
 R - 3 scrolls of remove curse {unknown}
 T - a scroll of fog {unknown}
 U - 2 scrolls of enchant armour {unknown}
 W - a scroll of recharging {unknown}
 Y - a scroll of enchant weapon {unknown}


   Skills:
 + Level 5.5 Fighting
 - Level 1.7 Short Blades
 * Level 2.7(3.1) Axes
   Level 2.2(2.9) Maces & Flails
 - Level 1.7 Throwing
 + Level 3.8 Armour
 + Level 1.4 Dodging
 - Level 3.6 Stealth


You had 6 spell levels left.
You didn't know any spells.

Dungeon Overview and Level Annotations

Branches:
Dungeon (4/15)
 Temple: D:4-7

Altars:
Vehumet
The Shining One

Annotations:
Ossuary Azzok's ghost, amateur CeFi


Innate Abilities, Weirdness & Mutations

You have a pair of antennae on your head.
You are partially covered in slimy green scales. (AC +2)
You regenerate health from kills.
Your mind is acute. (Int +2)
You evolve.


Message History

You hit Azzok's ghost but do no damage.
Azzok's ghost is heavily damaged.
Azzok's ghost hits you but does no damage.
You hit Azzok's ghost but do no damage.
Azzok's ghost is heavily damaged.
Azzok's ghost hits you but does no damage.
Your chain mail prevents you from hitting Azzok's ghost.
Azzok's ghost is heavily damaged.
Azzok's ghost hits you. Azzok's ghost barely misses you.
You take 1 damage, and have 29/56 hp.
You hit Azzok's ghost.
Azzok's ghost is severely damaged.
Azzok's ghost hits you!
* * * LOW HITPOINT WARNING * * *
You take 9 damage, and have 20/56 hp.
It was a potion of mutation.
You feel extremely strange.
You feel nature experimenting on you.
Don't worry, failures die fast.
You feel clever. Azzok's ghost barely misses you.
You see here a lumpy black potion.
X - a lumpy black potion Azzok's ghost hits you but does no damage.
It was a potion of curing.
You feel better. Azzok's ghost hits you.
You regained 6 hp, and now have 26/56 hp.
Azzok's ghost hits you.
* * * LOW HITPOINT WARNING * * *
The gnoll zombie hits you but does no damage.
You see here an inky potion.
You take 2 damage, and have 24/56 hp.
X - an inky potion Azzok's ghost hits you but does no damage.
The gnoll zombie hits you but does no damage.
It was a potion of agility.
You feel agile all of a sudden.
Azzok's ghost hits you but does no damage.
The gnoll zombie misses you.
Your chain mail prevents you from hitting Azzok's ghost.
Azzok's ghost is heavily damaged.
You slash the gnoll zombie!
Azzok's ghost hits you but does no damage.
The gnoll zombie hits you but does no damage.
You hit Azzok's ghost but do no damage.
Azzok's ghost is heavily damaged.
You hit the gnoll zombie.
Azzok's ghost hits you but does no damage.
Azzok's ghost barely misses you.
The gnoll zombie hits you but does no damage.
You hit Azzok's ghost.
Azzok's ghost is severely damaged.
You hit the gnoll zombie.
Azzok's ghost hits you but does no damage.
The gnoll zombie misses you.
You hit Azzok's ghost but do no damage.
Azzok's ghost is severely damaged.
You hit the gnoll zombie.
You destroy the gnoll zombie!
Azzok's ghost hits you but does no damage.
You slash Azzok's ghost!
Azzok's ghost is almost destroyed.
Azzok's ghost hits you!
* * * LOW HITPOINT WARNING * * *
You take 8 damage, and have 17/56 hp.
Your chain mail prevents you from hitting Azzok's ghost.
Azzok's ghost is almost destroyed.
Azzok's ghost hits you but does no damage.
You hit Azzok's ghost but do no damage.
Azzok's ghost is severely damaged.
Azzok's ghost hits you.
* * * LOW HITPOINT WARNING * * *
You take 4 damage, and have 13/56 hp.
You hit Azzok's ghost but do no damage.
Azzok's ghost is severely damaged.
Azzok's ghost hits you but does no damage.
Azzok's ghost hits you but does no damage.
You see here a coppery potion.
X - a coppery potion Azzok's ghost hits you but does no damage.
It was a potion of brilliance.
You feel clever all of a sudden. Azzok's ghost barely misses you.
You hit Azzok's ghost but do no damage.
Azzok's ghost is severely damaged.
Azzok's ghost hits you but does no damage.
Azzok's ghost closely misses you.
You hit Azzok's ghost but do no damage.
Azzok's ghost is severely damaged.
Azzok's ghost hits you.
* * * LOW HITPOINT WARNING * * *
You take 4 damage, and have 10/56 hp.
You barely miss Azzok's ghost.
Azzok's ghost is severely damaged.
Azzok's ghost barely misses you.
You hit Azzok's ghost but do no damage.
Azzok's ghost is severely damaged.
Azzok's ghost hits you!
* * * LOW HITPOINT WARNING * * *
You take 8 damage, and have 2/56 hp.
There is an open door here.
Azzok's ghost hits you.
You die...

█...█...█...█.....█.....█
█...8...█...∆.....█.....█
█.......█...█.....8.....█
██8...8██████...........█
█.......█...█...........█
█...8...█?..███8.....8███
█...█...█?..█..Z........█
██████∆███W██†..........█
█...█...█..@█.....8.....█
█.∩.∆.∩.█...∆.....█.....█
█...█...█...█.....█.....█


█████████████████████████ You could see Azzok's ghost.

Vanquished Creatures
  Sigmund (D:3)
  An ogre (D:3)
  4 scorpions (Ossuary)
  3 centaur zombies (Ossuary)
  An orc wizard (D:3)
  Jessica (D:3)
  A big kobold zombie (Ossuary)
  2 mummies (Ossuary)
  3 adders
  2 scorpion zombies (Ossuary)
  2 dart slugs
  2 leopard geckos
  3 orcs (D:3)
  9 bats
  2 giant cockroaches
  7 hobgoblins
  4 jackals (D:2)
  5 kobolds
  A quokka (D:2)
  3 frilled lizards (D:1)
  2 gnoll zombies (Ossuary)
  5 goblins
  3 goblin zombies (Ossuary)
  12 rats
79 creatures vanquished.

Vanquished Creatures (others)
  A bat (D:2)
1 creature vanquished.

Grand Total: 80 creatures vanquished

Notes
Turn   | Place    | Note
-------+----------+-------------------------------------------
     0 | D:1      | Goblin1989 the Demonspawn Assassin began the quest for the Orb.
     0 | D:1      | Reached XP level 1. HP: 16/16 MP: 1/1
   606 | D:1      | Gained mutation: You regenerate a little health from kills. [demonic ancestry]
   606 | D:1      | Reached XP level 2. HP: 20/23 MP: 2/2
  1002 | D:1      | Reached skill level 1 in Armour
  1005 | D:1      | Reached skill level 3 in Fighting
  1739 | D:2      | Gained mutation: You regenerate health from kills. [demonic ancestry]
  1739 | D:2      | Reached XP level 3. HP: 29/29 MP: 3/3
  2238 | D:2      | Found a radiant altar of Vehumet.
  2425 | D:2      | Found a glowing golden altar of the Shining One.
  2526 | D:3      | Noticed Sigmund
  2864 | D:3      | Gained mutation: You have a pair of small antennae on your head. [demonic ancestry]
  2864 | D:3      | Reached XP level 4. HP: 33/36 MP: 4/4
  2966 | D:3      | Noticed an ogre
  2978 | D:3      | Killed an ogre
  2978 | D:3      | Reached skill level 4 in Fighting
  2978 | D:3      | Gained mutation: You are partially covered in slimy green scales. (AC +2) [demonic ancestry]
  2978 | D:3      | Reached XP level 5. HP: 35/42 MP: 5/5
  3001 | D:3      | Noticed Jessica
  3007 | D:3      | Killed Jessica
  3504 | D:3      | Killed Sigmund
  3504 | D:3      | Gained mutation: You have a pair of antennae on your head. [demonic ancestry]
  3504 | D:3      | Reached XP level 6. HP: 50/50 MP: 6/6
  3519 | D:3      | Reached skill level 5 in Fighting
  3612 | D:3      | p0werm0de: !lg p0werm0de
  3612 | D:3      | beem: 5769. p0werm0de the Sneak (L1 SpEn), quit the game on D:1 (zaba_arrival_water) on 2017-08-04 05:58:38, with 0 points after 0 turns and 0:00:02.
  3625 | D:3      | p0werm0de: ;D
  3650 | D:4      | p0werm0de: damn i died;&
  3650 | D:4      | p0werm0de: fire dragon randomly in d11
  3650 | D:4      | Goblin1989: hm
  3650 | D:4      | Goblin1989: log Goblin1989 spas place:d8
  3650 | D:4      | Goblin1989: -log Goblin1989 spas place:d8
  3650 | D:4      | Goblin1989: !log Goblin1989 spas place:d8
  3650 | D:4      | beem: No keyword 'place:d8'
  3650 | D:4      | Goblin1989: hm
  3650 | D:4      | Goblin1989: !log Goblin1989 spas place=d8 -log
  3650 | D:4      | beem: No games for Goblin1989 (spas place=d8).
  3650 | D:4      | p0werm0de: ;D
  3650 | D:4      | Goblin1989: !log Goblin1989 spas place=d9 -log
  3650 | D:4      | beem: No games for Goblin1989 (spas place=d9).
  3650 | D:4      | Goblin1989: !log Goblin1989 spas place=d10 -log
  3650 | D:4      | beem: No games for Goblin1989 (spas place=d10).
  3650 | D:4      | p0werm0de: !lg goblin1989 spas place=d9 -log
  3650 | D:4      | beem: No games for goblin1989 (spas place=d9).
  3650 | D:4      | Goblin1989: damm
  3650 | D:4      | p0werm0de: !lg goblin1989 spas place=d9 -log
  3650 | D:4      | beem: No games for goblin1989 (spas place=d9).
  3650 | D:4      | p0werm0de: !lg goblin1989 spas place=d8 -log
  3650 | D:4      | beem: No games for goblin1989 (spas place=d8).
  3650 | D:4      | Goblin1989: I have a spriggan who died pretty deep without killing any monsters.
  3650 | D:4      | p0werm0de: nice
  3650 | D:4      | p0werm0de: pacifist dude
  3650 | D:4      | Goblin1989: !lg goblin1989 spas place=d10 -log
  3650 | D:4      | beem: No games for goblin1989 (spas place=d10).
  3650 | D:4      | Goblin1989: yeah
  3650 | D:4      | Goblin1989: hm
  3650 | D:4      | Goblin1989: !lg goblin1989 spas -log
  3650 | D:4      | beem: 54. Goblin1989, XL5 SpAs, T:961: http://crawl.xtahua.com/crawl/morgue/Goblin1989/morgue-Goblin1989-20170707-091151.txt
  3650 | D:4      | Goblin1989: !lg goblin1989 spas place=d11 -log
  3650 | D:4      | beem: No games for goblin1989 (spas place=d11).
  3650 | D:4      | Goblin1989: !lg goblin1989 spas place=d:10 -log
  3650 | D:4      | beem: 4. Goblin1989, XL1 SpAs, T:825: http://crawl.xtahua.com/crawl/morgue/Goblin1989/morgue-Goblin1989-20170526-110346.txt
  3650 | D:4      | Goblin1989: lol
  3650 | D:4      | Goblin1989: вот он
  3657 | D:4      | Found a sand-covered staircase.
  3676 | Ossuary  | Entered an ossuary
  3696 | Ossuary  | Reached skill level 1 in Axes
  4010 | Ossuary  | Noticed Azzok's ghost (amateur CeFi)
  4034 | Ossuary  | Reached XP level 7. HP: 50/56 MP: 7/7
  4132 | Ossuary  | Reached skill level 1 in Dodging
  4885 | Ossuary  | Gained mutation: You evolve. [potion of mutation]
  4885 | Ossuary  | Gained mutation: Your mind is acute. (Int +2) [potion of mutation]
  4907 | Ossuary  | HP: 2/56 [Azzok's ghost (8)]
  4909 | Ossuary  | Slain by Azzok's ghost

Vault maps used:
D:1:      erik_arrival_cave_to_civilisation, minmay_misc_feat_nine_boxes
D:2:      fiery_altar_vehumet, nicolae_tso_carved_into_rock
D:3:      mrwooster_statue_mirror, uniq_jessica, uniq_sigmund
D:4:      nicolae_overflow_hidden_temple, nicolae_ossuary_entry_monument,
          first_bread
Ossuary:  ossuary_minmay_scorpions

Skill      XL: |  1  2  3  4  5  6  7 |
---------------+----------------------+-----
Armour         | 1 2 3 |  3.8
Fighting       | 3 4 5 |  5.5
Maces & Flails | 2 |  2.2
Axes           | 1 2 |  2.7
Dodging        | 1 |  1.4
Short Blades   | |  1.7
Throwing       | |  1.7
Stealth        | |  3.6

Action                   |  1- 3 |  4- 6 |  7- 9 || total
-------------------------+-------+-------+-------++-------
Melee: Dagger            |   187 |    75 |       ||   262
       Hand axe          |       |    87 |   120 ||   207
 Fire: Blowgun           |       |    20 |       ||    20
  Use: Potion            |       |       |     6 ||     6
 Stab: Sleeping          |     1 |       |       ||     1
  Eat: Chunk             |     5 |     3 |       ||     8
       Bread ration      |       |     1 |       ||     1
       Royal jelly       |       |     1 |       ||     1
       Meat ration       |       |       |     1 ||     1
Armor: Scale mail        |    50 |       |       ||    50
       Robe              |     4 |       |       ||     4
       Chain mail        |    60 |   102 |    75 ||   237
Dodge: Dodged            |    57 |    48 |    39 ||   144

Vault maps used:
D:1:      erik_arrival_cave_to_civilisation, minmay_misc_feat_nine_boxes
D:2:      fiery_altar_vehumet, nicolae_tso_carved_into_rock
D:3:      mrwooster_statue_mirror, uniq_jessica, uniq_sigmund
D:4:      nicolae_overflow_hidden_temple, nicolae_ossuary_entry_monument,
          first_bread
Ossuary:  ossuary_minmay_scorpions
